Cogmind - Beta 13 X2 @@@ ROGUE MODE // 2024.02.04 @ 19:30:58 Player: Minty Result: Destroyed by L-41 Fighter with Axe Performance ------------- Evolutions (3) 1500 Regions Visited (6) 1200 Robots Destroyed (85) 425 Value Destroyed (2158) 2158 Prototype IDs (25) 500 Alien Tech Used (0) 0 Bonus (579) 579 TOTAL SCORE: 6362 Bonus ------- High Alert Combat Kills 279 Aligned with FarCom 300 Cogmind --------- Core Integrity 0/700 Matter 285/300 Energy 80/100 System Corruption 3% Temperature Cool (36) Movement Walking (260) Ox2 Location -7/Factory Parts ------- > --- POWER (1) -------- (None) > --- PROPULSION (4) --- Improved Carbon-fiber Leg > --- UTILITY (4) ------ High-capacity Storage Unit System Shield Improved Trap Extractor (3/6 Shock) > --- WEAPON (4) ------- Maul > --- INVENTORY (20) --- Improved Cooling System Medium Storage Unit Huge Storage Unit High-capacity Matter Pod (200) Improved Sensor Array Improved Terrain Scanner Advanced Terrain Scan Processor Improved Medium Armor Plating Improved Medium Armor Plating Heavy Ion Cannon Gauss Rifle Improved Datajack Longsword +1 Peak State ------------ > --- POWER ------------ Improved Deuterium Engine > --- PROPULSION ------- Advanced Treads Advanced Treads Improved Carbon-fiber Leg Improved Carbon-fiber Leg > --- UTILITY ---------- High-capacity Storage Unit Improved Medium Armor Plating Improved Medium Armor Plating Hacking Suite > --- WEAPON ----------- Shock Rifle Arc Projector Ion Cannon Heavy Mace > --- INVENTORY -------- Nuclear Core Light Fission Core Light Fission Core Aluminum Leg Cooling System Cooling System Medium Storage Unit Huge Storage Unit High-capacity Matter Pod Improved Sensor Array Advanced Terrain Scan Processor Improved Trap Extractor Gatling Laser Plasma Cannon Heavy Ion Cannon Gauss Rifle Improved Datajack Maul Longsword +1 [Rating: 49] Favorites ----------- Power Improved Deuterium Engine Engine Improved Deuterium Engine Propulsion Aluminum Leg Treads Light Treads Leg Aluminum Leg Utility Improved Light Armor Plating Device Cooling System Storage Medium Storage Unit Processor Improved Melee Analysis Suite Hackware System Shield Protection Improved Light Armor Plating Weapon Heavy Mace Energy Gun Shock Rifle Energy Cannon Heavy Ion Cannon Ballistic Gun Gauss Rifle Launcher Mini Grenade Launcher Special Weapon Welding Torch Impact Weapon Heavy Mace Slashing Weapon Longsword +1 Special Melee Weapon Improved Datajack Build | -11 -10 -10 -10 -9 -8 -7 ------- Run | Yrd Mat Min Exi Min Mat Fac Slots Evolved 6 | . . . . . 4 2 Power . | . . . . . . . Propulsion 2 | . . . . . 1 1 Utility 2 | . . . . . 2 . Weapon 2 | . . . . . 1 1 Parts Attached 83 | . . 15 1 . 9 58 Power 5 | . . 2 . . . 3 Engine 5 | . . 2 . . . 3 Core . | . . . . . . . Reactor . | . . . . . . . Propulsion 20 | . . 4 1 . 2 13 Treads 9 | . . 3 1 . . 5 Leg 11 | . . 1 . . 2 8 Wheel . | . . . . . . . Hover . | . . . . . . . Flight . | . . . . . . . Utility 24 | . . 2 . . 3 19 Device 5 | . . . . . . 5 Storage 5 | . . 1 . . 2 2 Processor 4 | . . . . . . 4 Hackware 3 | . . . . . 1 2 Protection 7 | . . 1 . . . 6 Artifact . | . . . . . . . Weapon 34 | . . 7 . . 4 23 Energy Gun 5 | . . . . . . 5 Energy Cannon 6 | . . . . . . 6 Ballistic Gun 10 | . . 4 . . 2 4 Ballistic Cannon . | . . . . . . . Launcher 1 | . . 1 . . . . Special Weapon 1 | . . . . . 1 . Impact Weapon 7 | . . 2 . . 1 4 Slashing Weapon 2 | . . . . . . 2 Piercing Weapon . | . . . . . . . Special Melee Weapon 2 | . . . . . . 2 Unidentified Prototypes . | . . . . . . . Corrupted Parts 1 | . . . . . 1 . System Corruption 4 | . . . . . 4 . Parts Lost 28 | . . 5 . . . 23 Power 4 | . . 2 . . . 2 Propulsion 8 | . . 1 . . . 7 Utility 5 | . . . . . . 5 Weapon 11 | . . 2 . . . 9 Highest Loss Streak 10 | . . 4 . . . 10 To Critical Strikes . | . . . . . . . Average Slot Usage (%) 91 | . 85 93 100 100 68 91 Engine 8 | . 14 13 14 14 5 6 Treads 14 | . . 21 28 28 10 10 Leg 11 | . 28 6 . . 2 16 Device 3 | . . . . . . 5 Storage 9 | . 14 14 14 14 9 7 Processor 2 | . . . . . . 3 Hackware 2 | . . . . . 5 4 Protection 7 | . . 8 14 14 9 6 Energy Gun 3 | . 14 . . . . 4 Energy Cannon 5 | . . . . . . 9 Ballistic Gun 5 | . 14 9 . . 7 4 Launcher 5 | . . 8 14 14 9 1 Impact Weapon 7 | . . 9 14 14 9 5 Naked Turns . | . . . . . . . Heaviest Build 95 | 13 13 21 21 21 95 82 Greatest Support 85 | 20 20 40 40 40 40 85 Greatest Overweight (x) 31 | . . . . . 31 2 Average Overweight (x) . | . . . . . 1 . Largest Inventory Capacity 25 | . 8 10 10 10 25 20 Average Capacity 14 | . 8 8 10 10 14 17 Most Carried 20 | . 8 10 10 10 11 20 Average Carried 12 | . 7 8 9 10 9 15 Final Capacity 20 | 8 8 10 10 10 10 20 Final Carried 13 | 6 8 10 10 10 9 13 Class Distribution -------------------- 49% | Mutant 25% | Skirmisher 12% | Scavenger-Skirmisher 7% | Scavenger-Bomber Dominant Class ---------------- Mutant | -10/Materials Mutant | -10/Mines Mutant | -10/Exiles Mutant | -9/Mines Mutant | -8/Materials Skirmisher | -7/Factory Resources | -11 -10 -10 -10 -9 -8 -7 ----------- Run | Yrd Mat Min Exi Min Mat Fac Matter Collected 1426 | 200 18 168 . 10 142 888 Remotely . | . . . . . . . Salvage Created 2880 | . 193 178 . 23 304 2182 Parts 120 | . 13 9 . . 12 86 Haulers Intercepted 1 | . 1 . . . . . Recyclers Shooed 7 | . 1 1 . . . 5 Parts Field Recycled . | . . . . . . . Retrieved Matter . | . . . . . . . Parts Self-Destructed . | . . . . . . . Prevented . | . . . . . . . Kills | -11 -10 -10 -10 -9 -8 -7 ------- Run | Yrd Mat Min Exi Min Mat Fac Combat Hostiles Destroyed 52 | . 4 8 . . 6 34 Melee 15 | . . 4 . . 3 8 Guns 15 | . 3 3 . . 1 8 Cannons 11 | . . . . . . 11 AOE 6 | . 1 . . . 1 4 Classes Destroyed 13 | . 3 3 . . 3 4 Worker 10 | . . 3 . . . 7 Builder 7 | . . . . . 2 5 Tunneler 5 | . . 1 . 1 . 3 Hauler 1 | . 1 . . . . . Recycler 7 | . . . . . 1 6 Operator 2 | . . . . . 1 1 Watcher 6 | . . . . . . 6 Swarmer 18 | . 2 3 . . 3 10 Grunt 23 | . 2 . . . 3 18 Sentry 1 | . . . . . . 1 Hunter 1 | . . . . . . 1 Programmer 4 | . . . . . . 4 Assembled 5 | . . 5 . . . . Best Kill Streak 6 | . 3 4 . 1 4 6 Combat Bots Only 4 | . 2 4 . . 3 3 Max Kills in Single Turn 4 | . 1 1 . 1 1 4 Gunslinging . | . . . . . . . Exploded 2 | . 1 . . . 1 2 Melee 1 | . . 1 . . 1 1 Uniques/NPCs Destroyed . | . . . . . . . Combat | -11 -10 -10 -10 -9 -8 -7 -------- Run | Yrd Mat Min Exi Min Mat Fac Hostile Shots Fired 414 | . 23 56 . . 19 316 Missed 102 | . 8 13 . . 8 73 Damage Taken 4962 | . 159 682 . . 111 4010 Core 908 | . 44 135 . . 10 719 Absorbed by Shields . | . . . . . . . Core Remaining (%) 75 | 100 . . . 28 98 . Volleys Fired 121 | . 18 20 . . 5 78 Largest 4 | . 2 2 . . 2 4 Hottest 243 | . 60 60 . . 53 243 Shots Fired 282 | . 36 31 . . 9 206 Gun 170 | . 36 31 . . 4 99 Cannon 97 | . . . . . . 97 Launcher 15 | . . . . . 5 10 Special . | . . . . . . . Kinetic 104 | . 18 27 . . 4 55 Thermal 103 | . . . . . . 103 Explosive 15 | . . . . . 5 10 Electromagnetic 60 | . 18 4 . . . 38 Robot Hit Streak 18 | . 8 5 . . 4 18 Robot Miss Streak 5 | . 2 3 . . 2 5 Penetration Max 1 | . . . . . . 1 Secondary Targets 1 | . . 1 . . . . Max Gunslinging Chain 1 | . . 1 . . . . Shots Hit Robots 246 | . 26 29 . 1 14 176 Core Hits 110 | . 10 14 . . 8 78 Critical Kills 3 | . . 1 . . . 2 Critical Parts Destroyed 8 | . . 3 . . 2 3 Critical Strikes 12 | . . 4 . . 2 6 Destroy 1 | . . . . . . 1 Smash 11 | . . 4 . . 2 5 Melee Attacks 106 | . . 17 . 1 10 78 Impact 103 | . . 17 . 1 10 75 Slashing 2 | . . . . . . 2 Piercing . | . . . . . . . Sneak Attacks 24 | . . 3 . 1 4 16 Combat Hostiles . | . . . . . . . Follow-up Attacks . | . . . . . . . Damage Inflicted 8272 | . 306 580 . 51 796 6539 Guns 1534 | . 258 173 . . 42 1061 Cannons 1523 | . . . . . . 1523 Explosions 1133 | . 48 . . . 173 912 Melee 4058 | . . 403 . 51 581 3023 Ramming 24 | . . 4 . . . 20 Kinetic 910 | . 97 140 . . 42 631 Thermal 1718 | . 48 . . . . 1670 Explosive 1085 | . . . . . 173 912 Electromagnetic 477 | . 161 33 . . . 283 Impact 3960 | . . 403 . 51 581 2925 Slashing 98 | . . . . . . 98 Piercing . | . . . . . . . Highest Corruption 4 | . . . . . 4 3 Average Corruption 1 | . . . . . 4 1 Corruption Purged . | . . . . . . . Corruption Blocked . | . . . . . . . Effects 19 | . . . . . . 19 Message Errors 4 | . . . . . . 4 Matter Fused 9 | . . . . . . 9 Energy Discharges 2 | . . . . . . 2 Data Loss (minor) 3 | . . . . . . 3 Data Loss (major) 1 | . . . . . . 1 Overload Shots . | . . . . . . . Overflow Damage 1384 | . 28 164 . 11 204 977 Projectiles 83 | . . . . . . 83 Explosions 45 | . 28 . . . . 17 Melee 1256 | . . 164 . 11 204 877 Knockbacks 21 | . . 3 . 1 2 15 Impact 18 | . . 2 . 1 2 13 Kinetic . | . . . . . . . Secondary 3 | . . 1 . . . 2 Self-Inflicted Damage 149 | . 23 . . . . 126 Shots 5 | . 1 . . . . 4 Rammed 5 | . . 1 . . . 4 Targets Rammed 6 | . . 1 . . . 5 Kicked . | . . . . . . . Crushed 1 | . . . . . . 1 Highest Temperature 465 | . 64 40 . . 21 465 Average Temperature 82 | . 30 24 . . 11 96 Received Heat Transfer 1259 | . 24 20 . . 54 1161 Effects 2 | . . . . . . 2 Interference 1 | . . . . . . 1 Damage (minor) 1 | . . . . . . 1 Siege Activations . | . . . . . . . Robots Corrupted 1 | . . . . . . 1 Combat Hostiles . | . . . . . . . Parts Fried 35 | . . 4 . 5 3 23 Impact Corruptions 57 | . . 8 . 1 6 42 Robots Melted . | . . . . . . . Combat Hostiles . | . . . . . . . Parts Melted 2 | . . . . . . 2 Heat Transferred 2662 | . 50 . . . . 2612 Parts Sabotaged . | . . . . . . . Parts Stolen . | . . . . . . . Parts Stripped . | . . . . . . . Power Chain Reactions 1 | . 1 . . . . . Missiles Intercepted . | . . . . . . . Alert | -11 -10 -10 -10 -9 -8 -7 ------- Run | Yrd Mat Min Exi Min Mat Fac Peak Influence 865 | . 135 127 . 5 236 865 Initial 107 | . . 52 . . 1 107 Average 291 | . 59 56 . 1 84 431 Maximum Alert Level 3 | . . . . . 1 3 Low Security (%) 48 | . 100 100 . 100 93 19 Level 1 16 | . . . . . 6 25 Level 2 29 | . . . . . . 47 Level 3 5 | . . . . . . 8 Level 4 . | . . . . . . . Level 5 . | . . . . . . . High Security . | . . . . . . . Max Security . | . . . . . . . Squads Dispatched 17 | . 1 . . . 2 14 Investigation 4 | . . . . . . 4 Extermination 3 | . . . . . . 3 Reinforcement 7 | . 1 . . . 2 4 Assault 2 | . . . . . . 2 Garrison 1 | . . . . . . 1 Intercept . | . . . . . . . Searches Triggered . | . . . . . . . Construction Impeded 4 | . . . . . 1 3 Haulers Reinforced . | . . . . . . . Active Scanning Responses . | . . . . . . . Cargo Convoy Interrupts . | . . . . . . . Stealth | -11 -10 -10 -10 -9 -8 -7 --------- Run | Yrd Mat Min Exi Min Mat Fac Distress Signals 4 | . 1 . . . . 3 Communications Jammed . | . . . . . . . Distress Signals . | . . . . . . . Times Spotted 96 | . 6 16 . . 8 66 Peak Tracking Total 9 | . 4 7 . . 4 9 Tactical Retreats 6 | . . 1 . . 1 4 Traps | -11 -10 -10 -10 -9 -8 -7 ------- Run | Yrd Mat Min Exi Min Mat Fac Traps Triggered 4 | . . . . . 2 2 Indirectly . | . . . . . . . Trap Hack Attempts 29 | . . . . . . 29 Triggered . | . . . . . . . Disarmed . | . . . . . . . Reprogrammed 5 | . . . . . . 5 Reused 1 | . . . . . . 1 Traps Extracted 3 | . . . . . . 3 Installed . | . . . . . . . Triggered 1 | . . . . . . 1 Most Traps Carried 3 | . . . . . . 3 Machines | -11 -10 -10 -10 -9 -8 -7 ---------- Run | Yrd Mat Min Exi Min Mat Fac Machines Disabled 9 | . 1 . . . 1 7 Max in Single Turn 3 | . 1 . . . 1 3 Machines Repaired . | . . . . . . . Machines Dismantled . | . . . . . . . Machines Sabotaged . | . . . . . . . Overloaded Fab Kills . | . . . . . . . Hacking | -11 -10 -10 -10 -9 -8 -7 --------- Run | Yrd Mat Min Exi Min Mat Fac Machines Accessed 8 | . 2 . 1 . . 5 Terminals 5 | . 2 . . . . 3 Fabricators . | . . . . . . . Repair Stations 1 | . . . . . . 1 Recycling Units . | . . . . . . . Scanalyzers 1 | . . . . . . 1 Garrison Access . | . . . . . . . Total Hacks 21 | . 6 . 1 . . 14 Successful 5 | . 1 . 1 . . 3 Failed 16 | . 5 . . . . 11 Catastrophic 3 | . 2 . . . . 1 Database Lockouts . | . . . . . . . Manual 12 | . 2 . 1 . . 9 Terminals 15 | . 6 . . . . 9 Fabricators . | . . . . . . . Repair Stations 4 | . . . . . . 4 Recycling Units . | . . . . . . . Scanalyzers 1 | . . . . . . 1 Garrison Access . | . . . . . . . Terminal Hacks 4 | . 1 . 1 . . 2 Prototype ID Bank 1 | . 1 . . . . . Open DSF 1 | . . . . . . 1 Locate Traps 1 | . . . . . . 1 Derelict Proto ID Bank 1 | . . . 1 . . . Fabricator Hacks . | . . . . . . . Repair Station Hacks . | . . . . . . . Recycling Unit Hacks . | . . . . . . . Scanalyzer . | . . . . . . . Garrison Access Hacks . | . . . . . . . Unauthorized Hacks 1 | . . . . . . 1 Terminals . | . . . . . . . Fabricators . | . . . . . . . Repair Stations . | . . . . . . . Recycling Units . | . . . . . . . Scanalyzers 1 | . . . . . . 1 Extract 1 | . . . . . . 1 Garrison Access . | . . . . . . . Data Cores Recovered . | . . . . . . . Used . | . . . . . . . Hacking Detections 6 | . 2 . . . . 4 Full Trace Events 5 | . 2 . . . . 3 Feedback Events 1 | . . . . . . 1 Corruption 1 | . . . . . . 1 Feedback Blocked . | . . . . . . . Robot Schematics Acquired . | . . . . . . . Robots Built . | . . . . . . . Authchips . | . . . . . . . Time . | . . . . . . . Total Robot Build Rating . | . . . . . . . Part Schematics Acquired 7 | . . . . . . 7 Parts Built . | . . . . . . . Authchips . | . . . . . . . Time . | . . . . . . . Total Part Build Rating . | . . . . . . . Parts Repaired . | . . . . . . . Time . | . . . . . . . Parts Recycled . | . . . . . . . Recycled Matter . | . . . . . . . Retrieved Matter . | . . . . . . . Retrieved Components . | . . . . . . . Parts Scanalyzed . | . . . . . . . Part Schematics Acquired . | . . . . . . . Parts Damaged . | . . . . . . . Bothacking | -11 -10 -10 -10 -9 -8 -7 ------------ Run | Yrd Mat Min Exi Min Mat Fac Used RIF Installer . | . . . . . . . Robots Hacked 1 | . . . . . . 1 Non-combat 1 | . . . . . . 1 Combat . | . . . . . . . Robot Hacks Applied 1 | . . . . . . 1 no_distress 1 | . . . . . . 1 Relay Couplers Released . | . . . . . . . Fabnet Peak Effective % . | . . . . . . . Robots Rewired . | . . . . . . . Allies Hacked . | . . . . . . . Hacks Repelled . | . . . . . . . Allies | -11 -10 -10 -10 -9 -8 -7 -------- Run | Yrd Mat Min Exi Min Mat Fac Total Allies . | . . . . . . . Largest Group . | . . . . . . . Highest-Rated Group . | . . . . . . . Highest-Rated Ally . | . . . . . . . Total Orders . | . . . . . . . Ally Attacks . | . . . . . . . Total Damage . | . . . . . . . Kills . | . . . . . . . Allies Corrupted . | . . . . . . . Allies Melted . | . . . . . . . Intel | -11 -10 -10 -10 -9 -8 -7 ------- Run | Yrd Mat Min Exi Min Mat Fac Robot Analysis Total . | . . . . . . . Derelict Logs Recovered 1 | . . 1 . . . . Drone Launches . | . . . . . . . Drone Recoveries . | . . . . . . . Exploration | -11 -10 -10 -10 -9 -8 -7 ------------- Run | Yrd Mat Min Exi Min Mat Fac Turns Passed 4380 | . 158 867 377 185 276 2517 Spaces Moved 2035 | 1 88 504 231 114 105 992 Core 9 | . . . . . 9 . Treads 1182 | . . 351 231 114 72 414 Legs 844 | 1 88 153 . . 24 578 Wheels . | . . . . . . . Hover . | . . . . . . . Flight . | . . . . . . . Fastest Speed 120 | 120 120 120 160 160 120 120 Average Speed 168 | 120 120 147 160 160 204 183 Slowest Speed 1600 | 120 120 160 160 160 1600 260 Overloaded Moves . | . . . . . . . Propulsion Burnouts . | . . . . . . . Robots Hopped . | . . . . . . . Cave-ins Triggered . | . . . . . . . Exploration Rate (%) 31 | 2 19 83 42 29 16 31 Regions Visited 6 Branch Regions 3 Pre-discovered Areas 1 | . . 1 . . . . Known Exits Taken 1 | . . . . . 1 . Unknown Exits Taken 5 | 1 1 1 1 1 . . Scrap Searched 3 | . . 2 . 1 . . Spaces Dug 2 | . . . . . . 2 Terrain Destroyed 120 | . 2 . . . 32 86 Melee 2 | . . . . . . 2 Projectile 9 | . . . . . . 9 AOE 109 | . 2 . . . 32 75 Terrain Rammed . | . . . . . . . Walls Destroyed . | . . . . . . . Machines Disabled . | . . . . . . . Actions | -11 -10 -10 -10 -9 -8 -7 --------- Run | Yrd Mat Min Exi Min Mat Fac Total 2555 | . 108 569 240 116 139 1383 Wait 99 | . 1 1 1 . 5 91 Move 2029 | . 87 503 230 113 104 992 Hop . | . . . . . . . Pick Up 34 | . 2 7 4 1 1 19 Fast Attach 32 | . . 4 . . 6 22 Attach 14 | . . 4 . . 1 9 Detach 8 | . . . . . 1 7 Swap 37 | . . 7 1 . 2 27 Drop 35 | . . 5 4 1 4 21 Fire 121 | . 18 20 . . 5 78 Melee 106 | . . 17 . 1 10 78 Ram . | . . . . . . . Kick . | . . . . . . . Crush 6 | . . 1 . . . 5 Escape Stasis 5 | . . . . . . 5 Rewire . | . . . . . . . Trap 29 | . . . . . . 29 Miscellaneous . | . . . . . . . Route ------- -11/Scrapyard -10/Materials -10/Mines (discovered 3 exits: [*Mat x2] / *Exi) -10/Exiles -9/Mines -8/Materials (discovered 2 exits: *Fac x2) -7/Factory (discovered 2 exits: [*Fac x2]) History --------- Turn | Location | Event 1 | -11/Scrapyard | Discovered new exit (range 0) 1 | -11/Scrapyard | Entered Materials 145 | -10/Materials | Discovered new exit (range 11) 159 | -10/Materials | Entered Mines 195 | -10/Mines | Learned location of 2 exits from Materials 279 | -10/Mines | Learned location of Storage (-8) 306 | -10/Mines | Build established: Mutant 372 | -10/Mines | Assembled infested the area 382 | -10/Mines | Discovered new exit (range 4) 444 | -10/Mines | Core integrity fell below 50% 499 | -10/Mines | Lost 4 parts (2p1n1w) 511 | -10/Mines | Discovered new exit (range 11) 1018 | -10/Mines | Deemed a non-threat by the Exiles lab entrance 1020 | -10/Mines | Discovered new exit (range 5) 1026 | -10/Mines | Entered Exiles 1050 | -10/Exiles | Discovered new exit (range 15) 1070 | -10/Exiles | Met 8R-AWN 1092 | -10/Exiles | Met EX-HEX 1135 | -10/Exiles | Met EX-BIN 1154 | -10/Exiles | Aligned with FarCom system 1156 | -10/Exiles | Given EX-Vault access code 1193 | -10/Exiles | Opened EX-Vault 1208 | -10/Exiles | Found Longsword +1 1251 | -10/Exiles | Warned to stay clear of 0b10 Research branches 1403 | -10/Exiles | Left Exiles lab with Longsword +1 1403 | -10/Exiles | Entered Mines 1576 | -9/Mines | Discovered new exit (range 8) 1588 | -9/Mines | Entered Materials 1588 | -8/Materials | Evolved 4 slots: Propulsion x1, Utility x2, Weapon x1 1589 | -8/Materials | Identified exit to Factory 1864 | -8/Materials | Entered Factory 1864 | -7/Factory | Evolved 2 slots: Propulsion x1, Weapon x1 1898 | -7/Factory | Identified exit to DSF 2382 | -7/Factory | Discovered new exit (range 14) 2452 | -7/Factory | Build established: Scavenger-Bomber 2918 | -7/Factory | Build established: Skirmisher 3611 | -7/Factory | Garrison activated, responded to threat 3851 | -7/Factory | Build established: Mutant 4109 | -7/Factory | Core integrity fell below 50% 4264 | -7/Factory | First assault squad dispatched 4296 | -7/Factory | Discovered new exit (range 15) 4372 | -7/Factory | Core integrity fell below 20% 4381 | -7/Factory | Destroyed by L-41 Fighter with Axe Last Messages --------------- 04367_ Lgt. Deuterium Engine destroyed. 04367_ Critical hit (Burn: +37). 04367_ Rigged Lgt. Fission Core explodes. 04367_ Gatling Laser destroyed. 04368_ Plasma Cannon destroyed. 04368_ Gauss Rifle destroyed. 04369_ Dropped Rigged Lgt. Fission Core. 04369_ K-01 Serf collects debris. 04369_ Rigged Lgt. Fission Core explodes. 04369_ Manufacturing Mainframe disabled. 04369_ G-50 Soldier destroyed. 04370_ Critical hit (Burn: +37). 04370_ Cooling System severed. 04371_ K-01 Serf collects debris. 04371_ L-41 Fighter knocked back. 04372_ M-28 Smith repairs G-47 Trooper. 04374_ Lgt. Treads destroyed. 04374_ K-01 Serf collects debris. 04381_ Lgt. Treads destroyed. 04381_ Critical hit (Burn: +37). Map ----- +----------------------------------------------------+ | | | | | | | | | | | | | | | | | | | | | | | | | | | ############??????????????????????????????????? | | # = ?#??????????????????????????????? | | !!! # #??????????????????????????????? | | !! # """""" ##########?????????????????????? | | !! [# """""" # ! #?????????????????????? | | # """""" # ! #?????????????????????? | | * # """""" # #?????????????????????? | | = # # #?????????????????????? | | #####+######+### * """" #?????????????????????? | | # """" #?????????????????????? | | i # """" #?????????????????????? | | # ] " #?????????????????????? | | + !l@ #?????????????????????? | | ^ ; ;;/###????????????????????? | | # ########### gggg #????????????????????? | | # # ! # ; %*gg " #????????????????????? | | # + # k "" #????????????????????? | | # # # ; km """ #????????????????????? | | # # """"""" # + """ #????????????????????? | | # # """"""" + %# % """ #????????????????????? | | # # """"""" # # %% #????????????????????? | | # # """"""" # # %[== #????????????????????? | | # # # =/ #####%###########??????????????? | | #+#####+##### = *%% ?????????? | | #????????# ?????????? | | " #????????# < ?????????? | | " #??# ##### ??????????? | | " + *= ??????????? | | " #??#########+####% ############+???????????? | | " #?????# #!= #???????????????????????? | | " #?????# # #???????????????????????? | | " #?????# "" + ###?###?????????????????? | | " #?????# "" # + ?? !?????????????????? | | " #?????# "T """ # #??? #????????????????? | | #?????# "" """ # #???" #????????????????? | | #?????# "" """ # # " " #????????????????? | | ###??????# # # " " #????????????????? | +----------------------------------------------------+ Best States ------------- Heat Dissipation 78 Energy Generation 16 Energy Capacity 290 Matter Stores 300 Matter Capacity 300 Sight Range 16 Terrain Scan Density 10 Armor Coverage 450 Resistance: EM 15 Evasion (%) 55 Melee Accuracy 6 Launcher Accuracy 20 Recoil Reduction 4 Offensive Hacking 10 Defensive Hacking 10 Trap Extractor Capacity 6 Item Schematics ----------------- Imp. EM Pulse Cannon | -7/Factory | Extracted Imp. Sensor Array | -7/Factory | Extracted Hpw. Shotgun | -7/Factory | Extracted Lightning Gun | -7/Factory | Extracted Lgt. Nuclear Core | -7/Factory | Extracted Reaction Control System | -7/Factory | Extracted Lrn. Tractor Beam | -7/Factory | Extracted Robot Schematics ------------------ None Fabricated ------------ Nothing Alien Tech Used ----------------- None Achievements -------------- None Challenges ------------ None Game ------ Seed ClaymoresPiercingDiverter Manual? 0 Play Time 00:27:59 Cumulative 637.7 hours Start 2024.02.04 @ 19:09:17 End 2024.02.04 @ 19:30:58 Sessions 1 Manual Loads 0 Difficulty Rogue Special Mode None Game No. 616 Rogue 343 Adventurer 123 Explorer 150 Win Type - Total 25 Types 19/0/4/1/0/0/0/1/0 Lore% 80 Gallery% 91 Achievement% 76 Wizard Run 0 Options --------- ASCII 0 Keyboard 1 Movement Numpad Keybinds 0 Fullscreen 2 Font 18/X11Bold Map View 76x50 Zoom Use 0% Tactical HUD 1 Map Filters NONE Filters NONE Steam 1 RUN: d75eb0ed-f704-4504-8454-cde078825e59